MLB
MIAMI MARLINS @ SAN DIEGO PADRES
05/28/2018
 
TOP OF THE 1ST
Miami Marlins batting - Pitching for San Diego Padres : RHP Tyler Mahle
Pitching: RHP Tyler Mahle
Batting: LHB Adam Frazier 0-0: Foul Ball, location: 2F
0-1: Bunt for hit to 25 - play at first, batter safe!
Batting: RHB Javier Baez 0-0: Ball
1-0: Ball
2-0: SINGLE (Groundball, 56D)
Adam Frazier to second
Batting: SHB Francisco Lindor 0-0: Ball
1-0: Called Strike
1-1: Ball
2-1: Ball
3-1: TRIPLE (Flyball, 89XD)
Adam Frazier scores
Javier Baez scores
Batting: RHB Yasmany Tomas 0-0: Ball
1-0: Foul Ball, location: 2F
1-1: Called Strike
1-2: Strikes out swinging
Batting: LHB Max Kepler 0-0: Swinging Strike
0-1: Ball
1-1: Called Strike
1-2: Foul Ball, location: 2F
1-2: 2-RUN HOME RUN (Flyball, 9D), Distance : 433 ft
Batting: RHB C.J. Cron 0-0: Ball
1-0: Ground out 5-3 (Groundball, 56)
Batting: RHB David Wright 0-0: Ground out 4-3 (Groundball, 4M)
Top of the 1st over - 4 runs, 4 hits, 0 errors, 0 left on base; Miami 4 - San Diego 0
BOTTOM OF THE 1ST
San Diego Padres batting - Pitching for Miami Marlins : RHP Johnny Cueto
Pitching: RHP Johnny Cueto
Batting: RHB Jose Altuve 0-0: Ball
1-0: Called Strike
1-1: Ball
2-1: Ground out 1-3 (Groundball, 13S)
Batting: SHB Carlos Santana 0-0: Called Strike
0-1: Fly out, F8 (Flyball, 89XD)
Batting: RHB Mitch Haniger 0-0: Called Strike
0-1: Ball
1-1: Ball
2-1: Foul Ball, location: 2F
2-2: Fly out, F7 (Flyball, 7LS)
Bottom of the 1st over - 0 runs, 0 hits, 0 errors, 0 left on base; Miami 4 - San Diego 0
TOP OF THE 2ND
Miami Marlins batting - Pitching for San Diego Padres : RHP Tyler Mahle
Batting: RHB Francisco Pena 0-0: Ball
1-0: Ball
2-0: Foul Ball, location: 2F
2-1: Ground out 5-3 (Groundball, 56)
Batting: RHB Johnny Cueto 0-0: Called Strike
0-1: Foul Ball, location: 2F
0-2: Ball
1-2: Ball
2-2: Ball
3-2: Strikes out swinging
Batting: LHB Adam Frazier 0-0: Ball
1-0: Swinging Strike
1-1: Foul Ball, location: 2F
1-2: Ball
2-2: SINGLE (Line Drive, 7LS)
Batting: RHB Javier Baez 0-0: Ball
1-0: Foul Ball, location: 2F
1-1: Called Strike
1-2: Ball
2-2: Strikes out swinging
Top of the 2nd over - 0 runs, 1 hit, 0 errors, 1 left on base; Miami 4 - San Diego 0
BOTTOM OF THE 2ND
San Diego Padres batting - Pitching for Miami Marlins : RHP Johnny Cueto
Batting: LHB Mike Moustakas 0-0: Fly out, F9 (Flyball, 9)
Batting: LHB David Peralta 0-0: Fly out, F6 (Popup, 15)
Batting: RHB Byron Buxton 0-0: Ball
1-0: Ground out 2-3 (Groundball, 2L)
Bottom of the 2nd over - 0 runs, 0 hits, 0 errors, 0 left on base; Miami 4 - San Diego 0
TOP OF THE 3RD
Miami Marlins batting - Pitching for San Diego Padres : RHP Tyler Mahle
Batting: SHB Francisco Lindor 0-0: SINGLE (Groundball, 56D)
Batting: RHB Yasmany Tomas 0-0: Ball
1-0: Ball
2-0: Ball
3-0: Foul Ball, location: 2F
3-1: Foul Ball, location: 2F
3-2: Base on Balls
Francisco Lindor to second
Batting: LHB Max Kepler 0-0: Called Strike
0-1: Reached on error, E3 (Groundball, 3)
Francisco Lindor to third
Yasmany Tomas to second
Batting: RHB C.J. Cron 0-0: Fly out, F8 (Flyball, 8RS)
Batting: RHB David Wright 0-0: Ball
1-0: Called Strike
1-1: Ball
2-1: Ball
3-1: Fielders Choice at 2nd, 4-6 (Groundball, 4)
Francisco Lindor scores
Yasmany Tomas to third
Batting: RHB Francisco Pena 0-0: Ball
1-0: Ball
2-0: Fielders Choice at 2nd, 5-4 (Groundball, 5)
Top of the 3rd over - 1 run, 1 hit, 1 error, 2 left on base; Miami 5 - San Diego 0
BOTTOM OF THE 3RD
San Diego Padres batting - Pitching for Miami Marlins : RHP Johnny Cueto
Batting: RHB Russell Martin 0-0: Swinging Strike
0-1: Foul Ball, location: 2F
0-2: Ball
1-2: SOLO HOME RUN (Flyball, 7D), Distance : 375 ft
Batting: RHB Christian Arroyo 0-0: Ground out 4-3 (Groundball, 4)
Batting: RHB Tyler Mahle 0-0: Ball
1-0: Foul Ball, location: 2F
1-1: SOLO HOME RUN (Flyball, 9LD), Distance : 333 ft
Batting: RHB Jose Altuve 0-0: Ball
1-0: SINGLE (Groundball, 56D)
Batting: SHB Carlos Santana 0-0: Called Strike
0-1: Ball
1-1: Ball
2-1: Foul Ball, location: 2F
2-2: Strikes out looking
Batting: RHB Mitch Haniger 0-0: Ball
1-0: Ball
2-0: Ball
3-0: Base on Balls
Jose Altuve to second
Batting: LHB Mike Moustakas 0-0: Ball
1-0: Ground out 4-3 (Groundball, 4)
Bottom of the 3rd over - 2 runs, 3 hits, 0 errors, 2 left on base; Miami 5 - San Diego 2
TOP OF THE 4TH
Miami Marlins batting - Pitching for San Diego Padres : RHP Tyler Mahle
Batting: RHB Johnny Cueto 0-0: Called Strike
0-1: Called Strike
0-2: Ball
1-2: Ball
2-2: Strikes out swinging
Batting: LHB Adam Frazier 0-0: Fly out, F8 (Line Drive, 8RM)
Batting: RHB Javier Baez 0-0: Foul Ball, location: 2F
0-1: Ball
1-1: Foul Ball, location: 2F
1-2: Strikes out swinging
Top of the 4th over - 0 runs, 0 hits, 0 errors, 0 left on base; Miami 5 - San Diego 2
BOTTOM OF THE 4TH
San Diego Padres batting - Pitching for Miami Marlins : RHP Johnny Cueto
Batting: LHB David Peralta 0-0: Ball
1-0: Foul Ball, location: 2F
1-1: Ball
2-1: Ball
3-1: Foul Ball, location: 2F
3-2: Foul Ball, location: 2F
3-2: SINGLE (Groundball, 6D)
Batting: RHB Byron Buxton 0-0: Called Strike
0-1: 2-RUN HOME RUN (Flyball, 7LD), Distance : 353 ft
Batting: RHB Russell Martin 0-0: Foul Ball, location: 2F
0-1: Foul Ball, location: 2F
0-2: DOUBLE (Groundball, 5L)
Batting: RHB Christian Arroyo 0-0: Ball
1-0: Ball
2-0: SINGLE (Groundball, 3D)
Russell Martin to third
Runner from 3rd tries for Home, SAFE, throw by RF to home
Batting: RHB Tyler Mahle 0-0: Sac Bunt to 13S - play at first, batter OUT! 1-4
Christian Arroyo to second
Batting: RHB Jose Altuve 0-0: Ball
1-0: Ball
2-0: Foul Ball, location: 2F
2-1: Ball
3-1: SINGLE (Groundball, 6MD)
Christian Arroyo to third
Runner from 3rd tries for Home, throw by CF and OUT! 8-2
Batting: SHB Carlos Santana 0-0: Ball
1-0: Ball
2-0: Called Strike
2-1: Called Strike
2-2: Foul Ball, location: 2F
2-2: Foul Ball, location: 2F
2-2: Fly out, F9 (Flyball, 9S)
Bottom of the 4th over - 3 runs, 5 hits, 0 errors, 1 left on base; Miami 5 - San Diego 5
TOP OF THE 5TH
Miami Marlins batting - Pitching for San Diego Padres : RHP Tyler Mahle
Batting: SHB Francisco Lindor 0-0: Ball
1-0: Ground out 5-3 (Groundball, 5)
Batting: RHB Yasmany Tomas 0-0: Ball
1-0: Foul Ball, location: 2F
1-1: Called Strike
1-2: Strikes out swinging
Batting: LHB Max Kepler 0-0: Foul Ball, location: 2F
0-1: Ground out 4-3 (Groundball, 4)
Top of the 5th over - 0 runs, 0 hits, 0 errors, 0 left on base; Miami 5 - San Diego 5
BOTTOM OF THE 5TH
San Diego Padres batting - Pitching for Miami Marlins : RHP Johnny Cueto
Batting: RHB Mitch Haniger 0-0: Ball
1-0: Ball
2-0: Called Strike
2-1: Swinging Strike
2-2: Ball
3-2: Foul Ball, location: 2F
3-2: Ground out 6-3 (Groundball, 6)
Batting: LHB Mike Moustakas 0-0: Ball
1-0: Called Strike
1-1: Called Strike
1-2: Ground out 4-3 (Groundball, 34)
Batting: LHB David Peralta 0-0: Ball
1-0: Foul Ball, location: 2F
1-1: Ball
2-1: Foul Ball, location: 2F
2-2: Foul Ball, location: 2F
2-2: Strikes out swinging
Bottom of the 5th over - 0 runs, 0 hits, 0 errors, 0 left on base; Miami 5 - San Diego 5
TOP OF THE 6TH
Miami Marlins batting - Pitching for San Diego Padres : RHP Tyler Mahle
Pitching: RHP Blake Parker
Batting: RHB C.J. Cron 0-0: Called Strike
0-1: SOLO HOME RUN (Flyball, 89XD), Distance : 415 ft
Batting: RHB David Wright 0-0: Fly out, F8 (Flyball, 8LD)
Batting: RHB Francisco Pena 0-0: Ball
1-0: Swinging Strike
1-1: Fly out, F9 (Flyball, 9)
Pinch Hitting: LHB Alex Gordon 0-0: Ball
1-0: Ball
2-0: Foul Ball, location: 2F
2-1: Ball
3-1: Ground out 4-3 (Groundball, 4)
Top of the 6th over - 1 run, 1 hit, 0 errors, 0 left on base; Miami 6 - San Diego 5
BOTTOM OF THE 6TH
San Diego Padres batting - Pitching for Miami Marlins : RHP Johnny Cueto
Pitching: RHP Tyler Clippard
Batting: RHB Byron Buxton 0-0: Called Strike
0-1: Called Strike
0-2: DOUBLE (Flyball, 8RXD)
Batting: RHB Russell Martin 0-0: Ball
1-0: Called Strike
1-1: Sac Bunt to 5S - play at first, batter safe!
Byron Buxton to third
Batting: RHB Christian Arroyo 0-0: Called Strike
0-1: Swinging Strike
0-2: Ball
1-2: Strikes out swinging
Pinch Hitting: SHB Freddy Galvis 0-0: Called Strike
0-1: Ball
1-1: Fly out, F4 (Line Drive, 3)
Batting: RHB Jose Altuve 0-0: Called Strike
0-1: Ball
1-1: Foul Ball, location: 2F
1-2: Foul Ball, location: 2F
1-2: Ball
2-2: Foul Ball, location: 2F
2-2: SINGLE (Groundball, 6MD)
Byron Buxton scores
Russell Martin to second
Batting: SHB Carlos Santana 0-0: Called Strike
0-1: Ball
1-1: SINGLE (Line Drive, 34D)
Russell Martin to third
Jose Altuve to second
Batting: RHB Mitch Haniger 0-0: Called Strike
0-1: Foul Ball, location: 2F
0-2: Ball
1-2: Ball
2-2: Ball
3-2: Strikes out looking
Bottom of the 6th over - 1 run, 4 hits, 0 errors, 3 left on base; Miami 6 - San Diego 6
TOP OF THE 7TH
Miami Marlins batting - Pitching for San Diego Padres : RHP Blake Parker
Pitching: RHP Luis A. Garcia
Batting: LHB Adam Frazier 0-0: Called Strike
0-1: Foul Ball, location: 2F
0-2: Foul Ball, location: 2F
0-2: Strikes out swinging
Batting: RHB Javier Baez 0-0: Called Strike
0-1: Ball
1-1: Foul Ball, location: 2F
1-2: SINGLE (Groundball, 6MD)
Batting: SHB Francisco Lindor 0-0: Grounds into double play, 4-6-3 (Groundball, 4M)
Top of the 7th over - 0 runs, 1 hit, 0 errors, 0 left on base; Miami 6 - San Diego 6
BOTTOM OF THE 7TH
San Diego Padres batting - Pitching for Miami Marlins : RHP Tyler Clippard
Pitching: RHP Craig Stammen
Batting: LHB Mike Moustakas 0-0: Foul Ball, location: 2F
0-1: Swinging Strike
0-2: Ball
1-2: Strikes out swinging
Batting: LHB David Peralta 0-0: Ball
1-0: Swinging Strike
1-1: SOLO HOME RUN (Flyball, 9LD), Distance : 327 ft
Batting: RHB Byron Buxton 0-0: Ball
1-0: Called Strike
1-1: Called Strike
1-2: Strikes out swinging
Batting: RHB Russell Martin 0-0: Ball
1-0: Called Strike
1-1: Called Strike
1-2: Foul Ball, location: 2F
1-2: Ball
2-2: DOUBLE (Flyball, 89XD)
Batting: RHB Christian Arroyo 0-0: Ball
1-0: Foul Ball, location: 2F
1-1: Ball
2-1: Ball
3-1: Called Strike
3-2: Foul Ball, location: 2F
3-2: Foul Ball, location: 2F
3-2: Base on Balls
Pinch Hitting: RHB Chris Carter 0-0: Fly out, F5 (Popup, 25)
Bottom of the 7th over - 1 run, 2 hits, 0 errors, 2 left on base; Miami 6 - San Diego 7
TOP OF THE 8TH
Miami Marlins batting - Pitching for San Diego Padres : RHP Luis A. Garcia
Pitching: RHP Josh Fields
Batting: RHB Yasmany Tomas 0-0: Called Strike
0-1: Called Strike
0-2: Fly out, F6 (Popup, P)
Batting: LHB Max Kepler 0-0: Ball
1-0: Swinging Strike
1-1: Called Strike
1-2: Strikes out swinging
Batting: RHB C.J. Cron 0-0: Swinging Strike
0-1: Ball
1-1: Swinging Strike
1-2: Ball
2-2: Foul Ball, location: 2F
2-2: Strikes out swinging
Top of the 8th over - 0 runs, 0 hits, 0 errors, 0 left on base; Miami 6 - San Diego 7
BOTTOM OF THE 8TH
San Diego Padres batting - Pitching for Miami Marlins : RHP Craig Stammen
Pitching: LHP Boone Logan
Batting: RHB Jose Altuve 0-0: Foul Ball, location: 2F
0-1: Called Strike
0-2: SINGLE (Flyball, 8LS)
Batting: SHB Carlos Santana 0-0: Ball
1-0: Foul Ball, location: 2F
1-1: Foul Ball, location: 2F
1-2: Fly out, F9 (Flyball, 9S)
Batting: RHB Mitch Haniger 0-0: Called Strike
0-1: Called Strike
0-2: Strikes out swinging
Batting: LHB Mike Moustakas 0-0: Foul Ball, location: 2F
0-1: Fly out, F8 (Flyball, 8RM)
Bottom of the 8th over - 0 runs, 1 hit, 0 errors, 1 left on base; Miami 6 - San Diego 7
TOP OF THE 9TH
Miami Marlins batting - Pitching for San Diego Padres : RHP Josh Fields
Pitching: RHP Archie Bradley
Batting: RHB David Wright 0-0: Foul Ball, location: 2F
0-1: Swinging Strike
0-2: Strikes out looking
Batting: RHB Francisco Pena 0-0: Ball
1-0: Called Strike
1-1: Foul Ball, location: 2F
1-2: Foul Ball, location: 2F
1-2: Ground out 1-3 (Groundball, P)
Pinch Hitting: RHB Ian Desmond 0-0: Ball
1-0: Foul Ball, location: 2F
1-1: Foul Ball, location: 2F
1-2: Ball
2-2: Foul Ball, location: 2F
2-2: Ball
3-2: Ground out 6-3 (Groundball, 56)
Top of the 9th over - 0 runs, 0 hits, 0 errors, 0 left on base; Miami 6 - San Diego 7
Tuesday, July 24th, 2018 - OOTP Baseball 19.7 Build 59